 Dungeon Crawl Stone Soup version 0.23.2-40-g277498a001 (webtiles) character file.

Game seed: 9298331358786717315

808 Deathwalker the Grasshopper (level 8, -14/58 HPs)
             Began as a Human Warper on Aug 18, 2019.
             Killed by divine providence
             ... invoked by an orc priest
              (15 damage)
             ... on level 5 of the Dungeon.
             The game lasted 00:34:01 (5672 turns).

Deathwalker the Grasshopper (Human Warper)          Turns: 5672, Time: 00:34:04

Health: -14/58     AC:  4    Str: 11    XL:     8   Next: 15%
Magic:  10/12      EV: 14    Int: 15    God:
Gold:   293        SH:  0    Dex: 14    Spells: 6/13 levels left

rFire    . . .     SeeInvis .   a - +0 falchion
rCold    . . .     Gourm    .   (no shield)
rNeg     . . .     Faith    .   K - +0 leather armour
rPois    .         Spirit   .   (no helmet)
rElec    .         Reflect  .   (no cloak)
rCorr    .         Harm     .   m - +0 pair of gloves
MR       .....                  (no boots)
Stlth    +.........             (no amulet)
HPRegen  0.19/turn              h - +5 ring of slaying
MPRegen  0.13/turn              (no ring)

@: no status effects
A: no striking features
a: no special abilities


You were on level 5 of the Dungeon.
You were not hungry.

You visited 1 branch of the dungeon, and saw 5 of its levels.

You collected 293 gold pieces.

Inventory:

Hand Weapons
 a - a +0 falchion (weapon)
 b - a +0 shortbow
 r - a +1 dagger of protection
Missiles
 e - 5 tomahawks of dispersal (quivered)
 i - 105 arrows
 y - a throwing net
 I - 4 steel tomahawks
 L - 6 javelins
Armour
 l - a +0 ring mail
 m - a +0 pair of gloves (worn)
 p - a +0 shield
 v - a +0 chain mail
 K - a +0 leather armour (worn)
Jewellery
 h - a +5 ring of slaying (left hand)
 u - an uncursed amulet of harm {unknown}
Wands
 A - a wand of scattershot (3)
 G - a wand of polymorph (5)
Scrolls
 d - a scroll of blinking
 g - 7 scrolls of identify
 j - 2 scrolls of enchant armour {unknown}
 n - 4 scrolls of teleportation {unknown}
 o - 4 scrolls of remove curse {unknown}
 q - a scroll of noise {unknown}
 s - a scroll of magic mapping {unknown}
 t - a scroll of immolation {unknown}
 z - 2 scrolls of amnesia {unknown}
 D - a scroll of enchant weapon {unknown}
Potions
 c - 2 potions of curing {unknown}
 k - 2 potions of lignification {unknown}
 w - 5 potions of agility {unknown}
 x - 2 potions of degeneration {unknown}
 B - a potion of heal wounds {unknown}
 C - 2 potions of brilliance {unknown}
 E - a potion of resistance {unknown}
 F - a potion of berserk rage {unknown}
 H - a potion of mutation {unknown}
Comestibles
 f - 8 rations


   Skills:
 - Level 3.1 Fighting
 + Level 4.4 Long Blades
 - Level 1.0 Throwing
 * Level 2.3 Armour
 + Level 4.4 Dodging
 - Level 3.0 Spellcasting
 - Level 2.2 Charms
 - Level 5.0 Translocations


You had 6 spell levels left.
You knew the following spells:

 Your Spells              Type           Power        Failure   Level  Hunger
a - Blink                 Tloc           N/A          4%          2    ##.....
b - Shroud of Golubria    Chrm/Tloc      ##........   9%          2    ##.....
c - Teleport Other        Tloc           ###.....     10%         3    ###....

Your spell library contained the following spells:

 Spells                   Type           Power        Failure   Level  Hunger
 Gell's Gravitas          Tloc           ###.......   10%         3    ###....
 Lesser Beckoning         Tloc           ###.......   10%         3    ###....
 Passage of Golubria      Tloc           N/A          32%         4    #####..


Dungeon Overview and Level Annotations

Branches:
Dungeon (5/15)
 Temple: D:4-7

Altars:
Ru
Trog

Annotations:
D:4 2 transporters, Niraks's ghost, amateur DEWz
D:5 Prince Ribbit; Sigmund


Message History

You hit the centaur.
The centaur is heavily wounded.
The centaur hits you.
The orc priest invokes the aid of Beogh against you.
Beogh smites you!
* * * LOW HITPOINT WARNING * * *
The centaur hits you but does no damage.
Casting: Blink (safe; 4% risk of failure)
Confirm with . or Enter, or press ? or * to list all spells.
Space distorts slightly along a thin shroud covering your body.
The centaur hits you!
* * * LOW HITPOINT WARNING * * *
You closely miss the centaur.
The centaur is heavily wounded.
The centaur hits you.
* * * LOW HITPOINT WARNING * * *
Your shroud falls apart!
The orc priest invokes the aid of Beogh against you.
Beogh smites you!
You die...

### #.. #.# #.#
#o# #c# #@#
#.#######
#........
#).###### #..#
#..# #..# .@....#
#..# ......#
#..##############


You could see a centaur and an orc priest.

Vanquished Creatures
  Grinder (D:3)
  An ice beast (D:5)
  A centaur (D:5)
  A crimson imp (D:3)
  An orc wizard (D:5)
  An orc priest (D:3)
  A hound (D:3)
  An iguana (D:4)
  2 worker ants
  A worker ant zombie (D:5)
  3 gnolls (D:3)
  10 adders
  An ooze (D:2)
  2 worms (D:3)
  4 dart slugs
  5 leopard geckos
  11 orcs
  2 ball pythons
  6 giant cockroaches (D:1)
  4 goblins
  7 hobgoblins
  2 quokkas
  7 bats
  6 frilled lizards
  5 kobolds
  13 rats
99 creatures vanquished.

Vanquished Creatures (others)
  A wizard (D:4)
  4 toadstools (D:5)
5 creatures vanquished.

Grand Total: 104 creatures vanquished

Notes
Turn   | Place    | Note
-------+----------+-------------------------------------------
     0 | D:1      | Deathwalker the Human Warper began the quest for the Orb.
     0 | D:1      | Reached XP level 1. HP: 16/16 MP: 3/3
   109 | D:1      | Reached XP level 2. HP: 22/22 MP: 5/5
   113 | D:1      | Learned a level 2 spell: Blink
   116 | D:1      | Learned a level 2 spell: Shroud of Golubria
   651 | D:1      | Reached XP level 3. HP: 14/27 MP: 3/6
  1888 | D:2      | Reached XP level 4. HP: 33/33 MP: 7/7
  2394 | D:2      | Learned a level 3 spell: Teleport Other
  2489 | D:3      | Reached XP level 5. HP: 34/38 MP: 8/8
  3136 | D:3      | Noticed Grinder
  3192 | D:3      | Reached XP level 6. HP: 25/44 MP: 5/9
  3300 | D:3      | Paralysed by Grinder for 4 turns
  3312 | D:3      | Paralysed by Grinder for 7 turns
  3326 | D:3      | Paralysed by Grinder for 7 turns
  3572 | D:3      | Killed Grinder
  3572 | D:3      | Reached XP level 7. HP: 13/50 MP: 8/11
  3847 | D:3      | Reached skill level 4 in Translocations
  4455 | D:4      | Found a transporter.
  4458 | D:4      | Noticed Niraks's ghost (amateur DEWz)
  4485 | D:4      | Found a transporter.
  4869 | D:4      | Found a bloodstained altar of Trog.
  4870 | D:4      | Noticed a wizard
  4875 | D:4      | Killed a wizard
  4929 | D:5      | Entered Level 5 of the Dungeon
  5156 | D:5      | Reached skill level 5 in Translocations
  5213 | D:5      | Found a sacrificial altar of Ru.
  5249 | D:5      | Reached XP level 8. HP: 46/58 MP: 10/12
  5330 | D:5      | Noticed Sigmund
  5572 | D:5      | Noticed Prince Ribbit
  5672 | D:5      | HP: 1/58 [centaur (6)]
  5672 | D:5      | Killed from afar by an orc priest

Skill      XL: |  1  2  3  4  5  6  7  8 |
---------------+-------------------------+-----
Long Blades    | 3 4 |  4.4
Dodging        | 3 4 |  4.4
Spellcasting   | 3 |  3.0
Charms         | 2 |  2.2
Translocations | 5 |  5.0
Fighting       | 3 |  3.1
Armour         | 2 |  2.3
Throwing       | |  1.0

Action                   |  1- 3 |  4- 6 |  7- 9 || total
-------------------------+-------+-------+-------++-------
Melee: Falchion          |   111 |   123 |   120 ||   354
 Cast: Shroud of Golubri |     6 |    14 |    19 ||    39
       Blink             |       |     1 |     3 ||     4
  Use: Scroll            |     1 |       |       ||     1
  Eat: Chunk             |     1 |     6 |     9 ||    16
       Ration            |     1 |       |       ||     1
Armor: Leather armour    |    38 |    37 |    25 ||   100
Dodge: Dodged            |    60 |    95 |    69 ||   224
Block: Shield            |     1 |    14 |       ||    15
       Rpst.: Falchion   |    14 |    26 |    18 ||    58
